3AA
MINNESOTA LOONS @ ATHLETIC CLUB KC ACADEMY
05/11/2042
 
TOP OF THE 1ST
Minnesota Loons batting - Pitching for Athletic Club KC Academy : LHP Willie Woodward
Pitching: LHP Willie Woodward
Batting: RHB Ed Haynes 0-0: SINGLE (Line Drive, 8RS, EV 94.4 MPH)
Batting: RHB José Garrastazu 0-0: Called Strike
0-1: Ball
1-1: Called Strike
1-2: Foul Ball, location: 2F
1-2: Strikes out swinging
Batting: RHB Sergei Adjubei 0-0: Swinging Strike
0-1: Ball
1-1: Called Strike
1-2: Foul Ball, location: 2F
1-2: Ball
Wild Pitch!
Ed Haynes to second
2-2: Foul Ball, location: 2F
2-2: Ground out 5-3 (Groundball, 56, EV 109.4 MPH)
Batting: SHB Pavlushenka Galanov 0-0: Ball
1-0: Ball
2-0: Called Strike
2-1: Swinging Strike
2-2: Foul Ball, location: 2F
2-2: Strikes out swinging
Top of the 1st over - 0 runs, 1 hit, 0 errors, 1 left on base; Minnesota 0 - Athletic Club KC Academy 0
BOTTOM OF THE 1ST
Athletic Club KC Academy batting - Pitching for Minnesota Loons : RHP Fred Olsen
Pitching: RHP Fred Olsen
Batting: RHB Daniel Hannaford 0-0: Ball
1-0: Ball
2-0: Fly out, F8 (Flyball, 89M, EV 81.2 MPH)
Batting: SHB Tosya Mndoyants 0-0: Swinging Strike
0-1: Ball
1-1: Foul Ball, location: 2F
1-2: Ball
2-2: Ball
3-2: Ground out 1-3 (Groundball, 13, EV 81.2 MPH)
Batting: RHB Neal Lewis 0-0: Ball
1-0: Called Strike
1-1: SINGLE (Line Drive, 6D, EV 96.2 MPH)
Batting: LHB Ron Whitney 0-0: Called Strike
0-1: Called Strike
0-2: Foul Ball, location: 2F
0-2: Foul Ball, location: 2F
0-2: Strikes out swinging
Bottom of the 1st over - 0 runs, 1 hit, 0 errors, 1 left on base; Minnesota 0 - Athletic Club KC Academy 0
TOP OF THE 2ND
Minnesota Loons batting - Pitching for Athletic Club KC Academy : LHP Willie Woodward
Batting: RHB Ronald Hancock 0-0: Called Strike
0-1: Foul Ball, location: 2F
0-2: Ball
1-2: Foul Ball, location: 2F
1-2: Foul Ball, location: 2F
1-2: Fly out, F7 (Flyball, 78S, EV 92.5 MPH)
Batting: RHB Jordan Attoe 0-0: Ball
1-0: Ground out 5-3 (Groundball, 56S, EV 72.5 MPH)
Batting: RHB Dan Barnes 0-0: Ball
1-0: Ball
2-0: Ball
3-0: Called Strike
3-1: Swinging Strike
3-2: Fly out, F9 (Flyball, 9, EV 83.8 MPH)
Top of the 2nd over - 0 runs, 0 hits, 0 errors, 0 left on base; Minnesota 0 - Athletic Club KC Academy 0
BOTTOM OF THE 2ND
Athletic Club KC Academy batting - Pitching for Minnesota Loons : RHP Fred Olsen
Batting: RHB Tim Hendricks 0-0: Fly out, F8 (Flyball, 8RM, EV 96.9 MPH)
Batting: SHB Ross Evans 0-0: Called Strike
0-1: Ball
1-1: Ball
2-1: Called Strike
2-2: Ball
3-2: Base on Balls
Batting: RHB Mhelter Gaston 0-0: Ball
1-0: Fly out, F9 (Flyball, 9, EV 81.2 MPH)
Batting: LHB Octávio Castaneda 0-0: Ball
Ross Evans is caught stealing 2nd base 2-6
Bottom of the 2nd over - 0 runs, 0 hits, 0 errors, 0 left on base; Minnesota 0 - Athletic Club KC Academy 0
TOP OF THE 3RD
Minnesota Loons batting - Pitching for Athletic Club KC Academy : LHP Willie Woodward
Batting: RHB Zane Atkins 0-0: Swinging Strike
0-1: Ball
1-1: Ball
2-1: Foul Ball, location: 2F
2-2: Ball
3-2: Base on Balls
Batting: LHB Steve Williams 0-0: Foul Ball, location: 2F
0-1: Ball
1-1: Fielders Choice at 2nd, 1-6 (Groundball, 13, EV 83.1 MPH)
Batting: RHB Ed Haynes 0-0: Called Strike
0-1: Ball
1-1: Foul Ball, location: 2F
1-2: Ball
Steve Williams is caught stealing 2nd base 2-4
2-2: Ground out 5-3 (Groundball, 56S, EV 76.9 MPH)
Top of the 3rd over - 0 runs, 0 hits, 0 errors, 0 left on base; Minnesota 0 - Athletic Club KC Academy 0
BOTTOM OF THE 3RD
Athletic Club KC Academy batting - Pitching for Minnesota Loons : RHP Fred Olsen
Batting: LHB Octávio Castaneda 0-0: Foul Ball, location: 2F
0-1: Foul Ball, location: 2F
0-2: Ball
1-2: Ball
2-2: Strikes out swinging
Batting: RHB Matt Evans 0-0: Fly out, F9 (Flyball, 89S, EV 87.5 MPH)
Batting: RHB Daniel Hannaford 0-0: Swinging Strike
0-1: Ball
1-1: Ball
2-1: SINGLE (Line Drive, 7LS, EV 103.1 MPH)
Batting: SHB Tosya Mndoyants 0-0: Called Strike
0-1: Ground out 4-3 (Groundball, 34, EV 83.8 MPH)
Bottom of the 3rd over - 0 runs, 1 hit, 0 errors, 1 left on base; Minnesota 0 - Athletic Club KC Academy 0
TOP OF THE 4TH
Minnesota Loons batting - Pitching for Athletic Club KC Academy : LHP Willie Woodward
Batting: RHB José Garrastazu 0-0: Fly out, F8 (Line Drive, 8LM, EV 90.6 MPH)
Batting: RHB Sergei Adjubei 0-0: Ground out 6-3 (Groundball, 6, EV 105.0 MPH)
Batting: SHB Pavlushenka Galanov 0-0: Ball
1-0: Ball
2-0: Called Strike
2-1: Called Strike
2-2: Foul Ball, location: 2F
2-2: Fly out, F9 (Line Drive, 9, EV 93.1 MPH)
Top of the 4th over - 0 runs, 0 hits, 0 errors, 0 left on base; Minnesota 0 - Athletic Club KC Academy 0
BOTTOM OF THE 4TH
Athletic Club KC Academy batting - Pitching for Minnesota Loons : RHP Fred Olsen
Batting: RHB Neal Lewis 0-0: DOUBLE (Flyball, 8LXD, EV 95.0 MPH)
Batting: LHB Ron Whitney 0-0: Called Strike
0-1: Called Strike
0-2: Ball
1-2: Ball
2-2: Ball
3-2: Base on Balls
Batting: RHB Tim Hendricks 0-0: Called Strike
0-1: Foul Ball, location: 2F
0-2: Ball
1-2: SINGLE (Flyball, 9LS, EV 97.5 MPH)
Neal Lewis to third
Ron Whitney to second
Batting: SHB Ross Evans 0-0: Foul Ball, location: 2F
0-1: Swinging Strike
0-2: Ball
1-2: Foul Ball, location: 2F
1-2: Fielders Choice at 2nd, 4-6 (Groundball, 4, EV 96.9 MPH)
Neal Lewis scores
Ron Whitney to third
Batting: RHB Mhelter Gaston 0-0: Ball
1-0: Ball
2-0: DOUBLE (Line Drive, 9LM, EV 100.0 MPH)
Ron Whitney scores
Ross Evans to third
Runner from 3rd tries for Home, SAFE, throw by RF to trailing runner, SAFE at third!
Batting: LHB Octávio Castaneda 0-0: Fly out, F9 (Flyball, 9S, EV 80.0 MPH)
Batting: RHB Matt Evans 0-0: Ball
1-0: Called Strike
1-1: Ball
2-1: SINGLE (Line Drive, 4D, EV 95.6 MPH)
Mhelter Gaston scores
Batting: RHB Daniel Hannaford 0-0: Ball
Wild Pitch!
Matt Evans to second
1-0: Foul Ball, location: 2F
1-1: Ball
2-1: Ground out 6-3 (Groundball, 6M, EV 85.0 MPH)
Bottom of the 4th over - 4 runs, 4 hits, 0 errors, 1 left on base; Minnesota 0 - Athletic Club KC Academy 4
TOP OF THE 5TH
Minnesota Loons batting - Pitching for Athletic Club KC Academy : LHP Willie Woodward
Batting: RHB Ronald Hancock 0-0: Ball
1-0: Foul Ball, location: 2F
1-1: Called Strike
1-2: Ball
2-2: SINGLE (Groundball, 56D, EV 106.2 MPH)
Batting: RHB Jordan Attoe 0-0: Called Strike
0-1: Foul Ball, location: 2F
0-2: Fly out, F8 (Flyball, 8LXD, EV 103.8 MPH)
Batting: RHB Dan Barnes 0-0: Fielders Choice at 2nd, 4-6 (Groundball, 4, EV 103.8 MPH)
Batting: RHB Zane Atkins 0-0: Called Strike
0-1: Ball
1-1: Ground out 4-3 (Groundball, 34, EV 101.2 MPH)
Top of the 5th over - 0 runs, 1 hit, 0 errors, 1 left on base; Minnesota 0 - Athletic Club KC Academy 4
BOTTOM OF THE 5TH
Athletic Club KC Academy batting - Pitching for Minnesota Loons : RHP Fred Olsen
Batting: SHB Tosya Mndoyants 0-0: Ground out 6-3 (Groundball, 56, EV 108.8 MPH)
Batting: RHB Neal Lewis 0-0: Ball
1-0: Called Strike
1-1: Ball
2-1: DOUBLE (Flyball, 8LXD, EV 100.0 MPH)
Batting: LHB Ron Whitney 0-0: Ball
1-0: Swinging Strike
1-1: Ball
2-1: Ground out U3 (Groundball, 3L, EV 101.2 MPH)
Neal Lewis to third
Batting: RHB Tim Hendricks 0-0: Called Strike
0-1: Foul Ball, location: 2F
0-2: Ball
1-2: Foul Ball, location: 2F
1-2: Foul Ball, location: 2F
1-2: Ball
2-2: Ground out 6-3 (Groundball, 6M, EV 90.0 MPH)
Bottom of the 5th over - 0 runs, 1 hit, 0 errors, 1 left on base; Minnesota 0 - Athletic Club KC Academy 4
TOP OF THE 6TH
Minnesota Loons batting - Pitching for Athletic Club KC Academy : LHP Willie Woodward
Batting: LHB Steve Williams 0-0: Ball
1-0: SINGLE (Line Drive, 3D, EV 95.6 MPH)
Batting: RHB Ed Haynes 0-0: Called Strike
0-1: DOUBLE (Line Drive, 9LS, EV 104.4 MPH)
Steve Williams to third
Batting: RHB José Garrastazu 0-0: Foul Ball, location: 2F
0-1: Foul Ball, location: 2F
0-2: Foul Ball, location: 2F
0-2: Ball
1-2: Ball
2-2: Ground out 5-3 (Groundball, 56S, EV 83.1 MPH)
Steve Williams scores
Batting: RHB Sergei Adjubei 0-0: Ball
1-0: Ball
2-0: Swinging Strike
2-1: Ball
3-1: Called Strike
3-2: Base on Balls
Batting: SHB Pavlushenka Galanov 0-0: Ball
Ed Haynes steals 3rd base
Sergei Adjubei to second
1-0: Foul Ball, location: 2F
1-1: Ball
2-1: Ball
3-1: Fly out, F2 (Popup, 2LF, EV 95.6 MPH)
Batting: RHB Ronald Hancock 0-0: Called Strike
0-1: Ball
1-1: Swinging Strike
1-2: Strikes out swinging
Top of the 6th over - 1 run, 2 hits, 0 errors, 2 left on base; Minnesota 1 - Athletic Club KC Academy 4
BOTTOM OF THE 6TH
Athletic Club KC Academy batting - Pitching for Minnesota Loons : RHP Fred Olsen
Batting: SHB Ross Evans 0-0: Ball
1-0: Swinging Strike
1-1: Ball
2-1: Ball
3-1: DOUBLE (Line Drive, 78XD, EV 103.1 MPH)
Batting: RHB Mhelter Gaston 0-0: Called Strike
0-1: Called Strike
0-2: Ball
1-2: Foul Ball, location: 2F
1-2: Ground out 6-3 (Groundball, 6, EV 104.4 MPH)
Batting: LHB Octávio Castaneda 0-0: Foul Ball, location: 2F
0-1: Ball
1-1: Ball
2-1: Ball
3-1: Base on Balls
Batting: RHB Matt Evans 0-0: Ball
Ross Evans steals 3rd base
1-0: Called Strike
1-1: Called Strike
1-2: Ball
2-2: Ball
3-2: Strikes out swinging
Pitching: RHP Manny Crespo
Batting: RHB Daniel Hannaford 0-0: Fly out, F8 (Flyball, 89M, EV 89.4 MPH)
Bottom of the 6th over - 0 runs, 1 hit, 0 errors, 2 left on base; Minnesota 1 - Athletic Club KC Academy 4
TOP OF THE 7TH
Minnesota Loons batting - Pitching for Athletic Club KC Academy : LHP Willie Woodward
Batting: RHB Jordan Attoe 0-0: Ground out 6-3 (Groundball, 56, EV 85.0 MPH)
Batting: RHB Dan Barnes 0-0: Ball
1-0: Called Strike
1-1: Ground out 6-3 (Groundball, 6MS, EV 88.8 MPH)
Batting: RHB Zane Atkins 0-0: Ball
1-0: Ball
2-0: Ball
3-0: Called Strike
3-1: Swinging Strike
3-2: Base on Balls
Pitching: LHP Gabel Ambrosius
Batting: LHB Steve Williams 0-0: Ball
1-0: Foul Ball, location: 2F
1-1: Ball
2-1: Ball
3-1: Swinging Strike
3-2: Foul Ball, location: 2F
3-2: Strikes out looking
Top of the 7th over - 0 runs, 0 hits, 0 errors, 1 left on base; Minnesota 1 - Athletic Club KC Academy 4
BOTTOM OF THE 7TH
Athletic Club KC Academy batting - Pitching for Minnesota Loons : RHP Manny Crespo
Batting: SHB Tosya Mndoyants 0-0: Called Strike
0-1: Swinging Strike
0-2: Ball
1-2: Foul Ball, location: 2F
1-2: Strikes out swinging
Batting: RHB Neal Lewis 0-0: Ball
1-0: Ball
2-0: Called Strike
2-1: Fly out, F7 (Line Drive, 7D, EV 95.0 MPH)
Batting: LHB Ron Whitney 0-0: Ball
1-0: Called Strike
1-1: Foul Ball, location: 2F
1-2: Ball
2-2: Foul Ball, location: 2F
2-2: Foul Ball, location: 2F
2-2: Strikes out swinging
Bottom of the 7th over - 0 runs, 0 hits, 0 errors, 0 left on base; Minnesota 1 - Athletic Club KC Academy 4
TOP OF THE 8TH
Minnesota Loons batting - Pitching for Athletic Club KC Academy : LHP Gabel Ambrosius
Pitching: LHP Jorge Guarte
Batting: RHB Ed Haynes 0-0: Ball
1-0: Swinging Strike
1-1: Ball
2-1: Called Strike
2-2: Strikes out looking
Batting: RHB José Garrastazu 0-0: Ball
1-0: Foul Ball, location: 2F
1-1: Ball
2-1: Ball
3-1: SINGLE (Groundball, 4M, EV 94.4 MPH) (infield hit)
Batting: RHB Sergei Adjubei 0-0: Swinging Strike
0-1: Ball
1-1: Foul Ball, location: 2F
1-2: Strikes out looking
Batting: SHB Pavlushenka Galanov 0-0: Called Strike
0-1: Foul Ball, location: 2F
0-2: Strikes out swinging
Top of the 8th over - 0 runs, 1 hit, 0 errors, 1 left on base; Minnesota 1 - Athletic Club KC Academy 4
BOTTOM OF THE 8TH
Athletic Club KC Academy batting - Pitching for Minnesota Loons : RHP Manny Crespo
Pitching: RHP Maxwell Security
Batting: RHB Tim Hendricks 0-0: SOLO HOME RUN (Flyball, 7LD, EV 109.4 MPH), Distance : 333 ft
Batting: SHB Ross Evans 0-0: Called Strike
0-1: Ball
1-1: Foul Ball, location: 2F
1-2: Ball
2-2: Strikes out swinging
Batting: RHB Mhelter Gaston 0-0: Ball
1-0: Fly out, F5 (Popup, 15, EV 87.5 MPH)
Batting: LHB Octávio Castaneda 0-0: Swinging Strike
0-1: Ball
1-1: Foul Ball, location: 2F
1-2: Fly out, F7 (Flyball, 78S, EV 89.4 MPH)
Bottom of the 8th over - 1 run, 1 hit, 0 errors, 0 left on base; Minnesota 1 - Athletic Club KC Academy 5
TOP OF THE 9TH
Minnesota Loons batting - Pitching for Athletic Club KC Academy : LHP Jorge Guarte
Batting: RHB Ronald Hancock 0-0: Called Strike
0-1: Ball
1-1: Foul Ball, location: 2F
1-2: Ball
2-2: Reached on error, E2 (Groundball, 15S, EV 76.9 MPH)
Batting: RHB Jordan Attoe 0-0: Ball
1-0: SINGLE (Groundball, 6MD, EV 95.6 MPH)
Ronald Hancock to second
Batting: RHB Dan Barnes 0-0: Ball
1-0: Fielders Choice at 2nd, 1-6 (Groundball, 13S, EV 65.0 MPH)
Ronald Hancock to third
Batting: RHB Zane Atkins 0-0: Ball
1-0: Foul Ball, location: 2F
1-1: Ball
2-1: Foul Ball, location: 2F
2-2: Foul Ball, location: 2F
2-2: Strikes out swinging
Batting: LHB Steve Williams 0-0: Ground out 4-3 (Groundball, 4, EV 78.8 MPH)
Top of the 9th over - 0 runs, 1 hit, 1 error, 2 left on base; Minnesota 1 - Athletic Club KC Academy 5
Friday, March 26th, 2021 - OOTP Baseball 20.8 Build 74